 Dungeon Crawl Stone Soup version 0.27.0-1-g7a089689b8 (webtiles) character file.

Game seed: 1273720677561921551

250 sanka the Chopper (level 5, 0/46 HPs)
             Began as a Palentonga Monk on Aug 9, 2021.
             Slain by a gnoll (1 damage)
             ... on level 3 of the Dungeon.
             The game lasted 00:04:22 (3405 turns).

sanka the Chopper (Palentonga Monk)                 Turns: 3405, Time: 00:04:23

Health: 0/46       AC:  4    Str: 15    XL:     5   Next: 88%
Magic:  5/5        EV: 10    Int: 11    God:
Gold:   75         SH:  0    Dex: 12    Spells: 4/4 levels left

rFire    . . .     SeeInvis +   b - +2 dagger (venom)
rCold    . . .     Faith    .   (no shield)
rNeg     . . .     Spirit   .   h - +0 robe
rPois    .         Reflect  .   (no helmet)
rElec    .         Harm     .   (no cloak)
rCorr    .         Rampage  .   (no gloves)
Will     +....                  (no barding)
Stlth    ++........             (no amulet)
HPRegen  0.15/turn              (no ring)
MPRegen  0.09/turn              n - ring of willpower

@: no status effects
A: large, rugged brown scales 3, see invisible, deformed body, roll 1, armoured
tail
a: Rolling Charge


You were on level 3 of the Dungeon.
You visited 1 branch of the dungeon, and saw 3 of its levels.

You collected 75 gold pieces.


Innate Abilities, Weirdness & Mutations

You are completely covered in rugged brown scales. (AC +3, +7% HP)
You have supernaturally acute eyesight. (SInv)
Armour fits poorly on your strangely shaped body.
You can roll at nearby foes to attack.
You have a long armoured tail.


   Skills:
 + Level 4.5 Fighting
 + Level 5.6 Axes
 - Level 2.4 Dodging
 - Level 1.2 Stealth


You had 4 spell levels left.
You didn't know any spells.
Your spell library was empty.

Inventory:

Hand Weapons
 a - a +0 hand axe
 b - a +2 dagger of venom (weapon)
Missiles
 i - 19 poisoned darts
Armour
 c - a +0 chain mail
 h - a +0 robe (worn)
Jewellery
 n - a ring of willpower (right hand)
Wands
 l - a wand of iceblast (11)
 o - a wand of polymorph (2)
Scrolls
 k - a scroll of immolation {unknown}
 m - a scroll of brand weapon
Potions
 d - a potion of invisibility {unknown}
 e - a potion of heal wounds {unknown}
 f - 2 potions of attraction {!q}
 g - a potion of brilliance {unknown}
 j - a potion of lignification {!q}

Dungeon Overview and Level Annotations

Branches:
Dungeon (3/15)

Altars:
Xom

Annotations:
D:3 exclusion: scorpion

▒.▒...▒.▒ ▒.▒...▒.▒
▒▒▒▒▒.......▒
▒▒▒▒.........▒.▒
▒...▒▒▒..▒▒..▒.▒▒▒▒ ▒...▒
▒...........▒
▒▒▒...▒▒▒...(▒.▒.▒▒.▒
▒........▒.▒.▒.▒.▒▒.▒
▒.▒▒.▒▒..▒.....)H▒▒.▒▒▒▒▒▒
▒.▒▒....).......▒▒▒......▒
▒.▒▒▒▒▒.▒..▒.▒▒g▒ ▒▒▒▒▒▒g▒
▒.▒▒▒▒▒.▒.)▒..▒.▒ ▒.▒
▒......g▒..▒▒.▒.▒ ▒▒.▒▒
▒▒▒▒▒▒▒.▒.......▒ ▒...▒
▒?.....▒.......▒ ▒.g.▒
▒.▒▒▒▒.▒▒▒.....▒ ▒...▒ ▒.▒
▒.....▒ ▒.▒▒▒


You could see a gnoll.


Message History

Okay, then.
* * * LOW HITPOINT WARNING * * *
You feel very sick.
* * * LOW HITPOINT WARNING * * *
You feel very sick.
The gnoll looks more healthy.
* * * LOW HITPOINT WARNING * * *
You feel sick.
* * * LOW HITPOINT WARNING * * *
You feel sick.
* * * LOW HITPOINT WARNING * * *
You feel sick.
* * * LOW HITPOINT WARNING * * *
You feel sick.
* * * LOW HITPOINT WARNING * * *
You feel sick.
* * * LOW HITPOINT WARNING * * *
You feel sick.
* * * LOW HITPOINT WARNING * * *
You feel sick.
* * * LOW HITPOINT WARNING * * *
You feel sick.
There is a stone staircase leading up here.
Unknown command.
Unknown command.
* * * LOW HITPOINT WARNING * * *
You feel sick.
You are no longer poisoned.
The gnoll hits you from afar with a +0 spear of venom.
You die...

Action                   |  1- 3 |  4- 6 || total
-------------------------+-------+-------++-------
Melee: Hand axe          |   134 |    57 ||   191
       Tailslap          |    18 |     8 ||    26
       Unarmed           |       |     4 ||     4
       Dagger            |       |    21 ||    21
 Abil: Rolling Charge    |     4 |    10 ||    14
  Use: Scroll            |       |     2 ||     2
       Potion            |       |     1 ||     1
 Stab: Sleeping          |     1 |     1 ||     2
Armor: Robe              |    46 |    12 ||    58
       Skin              |       |     5 ||     5
Dodge: Dodged            |    73 |    31 ||   104

Levels and vault maps discovered:
D:1:      amcnicky_arrival_feature_with_door, layout_loops_ring,
          minmay_misc_feat_room
D:2:      layout_basic, hellmonk_ecumenical_altar_crossroads, basic_altar,
          minmay_misc_feat_rows, minmay_misc_feat_four_crosses,
          grunt_decor_fettered, grunt_ministairs_13
D:3:      layout_loops_cross, ebering_ghost_sewer_d, uniq_ijyb

Notes
Turn   | Place    | Note
-------+----------+-------------------------------------------
     0 | D:1      | sanka the Palentonga Monk began the quest for the Orb.
     0 | D:1      | Reached XP level 1. HP: 19/19 MP: 1/1
   174 | D:1      | Reached XP level 2. HP: 20/25 MP: 2/2
   757 | D:1      | Reached skill level 4 in Axes
   780 | D:1      | Reached XP level 3. HP: 19/31 MP: 3/3
  1664 | D:2      | Reached XP level 4. HP: 37/37 MP: 4/4
  1896 | D:2      | Found a faded altar of an unknown god.
  2073 | D:2      | Reached skill level 5 in Axes
  2213 | D:2      | Found a shimmering altar of Xom.
  2579 | D:3      | Noticed a scorpion
  2840 | D:3      | Killed a scorpion
  2841 | D:3      | Reached skill level 4 in Fighting
  2841 | D:3      | Reached XP level 5. HP: 44/44 MP: 5/5
  2980 | D:3      | Noticed Ijyb
  3188 | D:3      | Killed Ijyb
  3402 | D:3      | HP: 4/46 [poisoned by a gnoll]
  3405 | D:3      | HP: 1/46 [poisoned by a gnoll]
  3405 | D:3      | Slain by a gnoll

Vanquished Creatures
  A scorpion (D:3)
  Ijyb (D:3)
  A hound skeleton (D:2)
  3 gnolls (D:3)
  6 adders
  2 worms (D:2)
  2 dart slugs
  3 bats
  6 endoplasms
  2 giant cockroaches (D:1)
  6 hobgoblins
  4 jackals (D:1)
  6 quokkas (D:1)
  9 ball pythons
  5 frilled lizards
  3 goblins
  5 kobolds
  A rat (D:2)
66 creatures vanquished.
